 Dungeon Crawl Stone Soup version 0.29-a0-275-g389c0b56f3 (webtiles) character file.

Game seed: 8997378958148652631

164 KlausPeter the Poker (level 5, -7/40 HPs)
             Began as a Minotaur Gladiator on Mar 11, 2022.
             Was a Believer of Hepliaklqana.
             Killed by nerve-wracking pain
             ... invoked by an orc priest
              (13 damage)
             ... on level 3 of the Dungeon.
             The game lasted 00:08:15 (1869 turns).

KlausPeter the Poker (Minotaur Gladiator)           Turns: 1869, Time: 00:08:16

Health: -7/40      AC:  6    Str: 21    XL:     5   Next: 21%
Magic:  4/4        EV: 12    Int:  5    God:    Hepliaklqana [**....]
Gold:   83         SH:  0    Dex: 11    Spells: 4/4 levels left

rFire   . . .      SeeInvis .   a - +0 trident
rCold   . . .      Faith    .   (no shield)
rNeg    . . .      Spirit   .   j - +0 ring mail
rPois   .          Reflect  .   c - +0 hat
rElec   .          Harm     .   (no cloak)
rCorr   .          Rampage  .   (no gloves)
Will    .....                   o - +0 pair of boots
Stlth   +.........              (no amulet)
HPRegen 0.13/turn               (no ring)
MPRegen 0.09/turn               (no ring)

@: no status effects
A: reduced essence, horns 2, retaliatory headbutt
a: Renounce Religion, Ancestor Life: Knight, Ancestor Life: Battlemage, Ancestor
Life: Hexer, Recall Ancestor, Ancestor Identity


You were on level 3 of the Dungeon.
You worshipped Hepliaklqana.
Hepliaklqana was pleased with you.
You visited 1 branch of the dungeon, and saw 3 of its levels.

You collected 83 gold pieces.

Inventory:

Hand Weapons
 a - a +0 trident (weapon)
 g - a +0 spear
 p - a +2 falchion of venom
Missiles
 d - 2 throwing nets (quivered)
 e - 3 javelins
 f - 29 stones
 h - 3 boomerangs
Armour
 c - a +0 hat (worn)
 j - a +0 ring mail (worn)
 o - a +0 pair of boots (worn)
 r - a +0 buckler
Scrolls
 b - a scroll of teleportation {unknown}
 l - 3 scrolls of identify {unknown}
 m - 2 scrolls of noise {unknown}
 n - a scroll of vulnerability {unknown}
Potions
 i - 2 potions of degeneration {unknown}
 k - a potion of curing {unknown}
 q - a potion of heal wounds {unknown}


   Skills:
 + Level 3.1 Fighting
 + Level 5.3 Polearms
 + Level 2.4 Throwing
 + Level 1.9 Armour
 + Level 4.3 Dodging
 + Level 0.2 Stealth


You had 4 spell levels left.
You didn't know any spells.
Your spell library was empty.

Dungeon Overview and Level Annotations

Branches:
Dungeon (3/15)

Altars:
Hepliaklqana

Shops:
D:3 !


Innate Abilities, Weirdness & Mutations

Your life essence is reduced to manifest your ancestor. (-10% HP)
You have a pair of horns on your head.
You reflexively headbutt those who attack you in melee.


Message History

The orc priest hits Gaius with a +0 short sword.
Gaius hits the orc priest but does no damage.
The orc priest closely misses Gaius.
Gaius hits the orc priest.
Something hits Gaius!
An orc comes into view. It is wielding a +0 whip.
Gaius hits the orc priest.
An orc comes into view. It is wielding a +0 trident.
The orc priest hits Gaius with a +0 short sword.
Gaius hits the orc priest.
You puncture the orc!
You kill the orc!
The orc priest misses Gaius.
The orc hits Gaius with a +0 whip.
Gaius barely misses the orc priest.
An orc comes into view. It is wielding a +0 trident.
The orc priest begins to cast a cantrip, but forgets the words!
Gaius hits the orc priest.
The orc priest dies!
You have reached level 5!
Things that are here:
a +0 mace; a +0 leather armour Gaius closely misses the orc.
The orc priest looks satisfied for a moment.
Gaius hits the orc.
The orc priest invokes the aid of Beogh against you.
Beogh smites you!
* * * LOW HITPOINT WARNING * * *
The orc priest miscasts a cantrip.
The orc attacks as you move away! The orc barely misses you. x2
The orc hits you but does no damage. The orc barely misses you.
The orc closely misses you. The orc attacks as you move away!
The orc hits you but does no damage.
The orc priest miscasts a cantrip.
Gaius has departed this plane of existence.
The orc priest calls upon Beogh to heal something.
The orc hits you but does no damage. x2
The orc barely misses you. The orc attacks as you move away!
The orc hits you but does no damage.
The orc priest invokes the aid of Beogh against you.
Pain shoots through your body!
You die...

#.###...### ##o.... #.#
##....###...#..
#.###..............
#######......o......##
o.
.........#..o........##
.
....####...............
.# #....o..........
#...............
.####...†..o@.......
........)...>.......
.................... #.
####................ #.
##............... #.#
###..............
#..####......#.........
#..<......#...........
##.....####.......>


You could see an orc priest and 3 orcs.

Vanquished Creatures
  Jessica (D:3)
  3 adders
  3 gnolls (D:2)
  4 worms (D:2)
  An orc (D:3)
  6 endoplasms
  2 giant cockroaches
  4 hobgoblins
  4 jackals (D:2)
  5 kobolds
  2 quokkas (D:2)
  A ball python (D:1)
  2 bats
  A frilled lizard (D:2)
  2 rats (D:1)
41 creatures vanquished.

Vanquished Creatures (collateral kills)
  An orc priest (D:3)
  A goblin (D:3)
2 creatures vanquished.

Vanquished Creatures (others)
  2 ancestors
2 creatures vanquished.

Grand Total: 45 creatures vanquished

Notes
Turn   | Place    | Note
-------+----------+-------------------------------------------
     0 | D:1      | KlausPeter the Minotaur Gladiator began the quest for the
                  | Orb.
     0 | D:1      | Reached XP level 1. HP: 18/18 MP: 0/0
   227 | D:1      | Reached XP level 2. HP: 24/25 MP: 1/1
   347 | D:1      | You fall into a shaft and drop 1 floor!
   382 | D:2      | Found a faded altar of an unknown god.
   406 | D:2      | Prayed at the altar of an unknown god.
   406 | D:2      | Became a worshipper of Hepliaklqana the Forgotten
   406 | D:2      | Reached * piety under Hepliaklqana
   588 | D:2      | Reached skill level 4 in Polearms
   681 | D:2      | Reached XP level 3. HP: 21/27 MP: 2/2
  1260 | D:2      | Reached XP level 4. HP: 25/33 MP: 3/3
  1519 | D:2      | Reached ** piety under Hepliaklqana
  1646 | D:2      | Reached skill level 1 in Armour
  1736 | D:3      | Noticed Jessica
  1749 | D:3      | Killed Jessica
  1750 | D:3      | Reached skill level 5 in Polearms
  1838 | D:3      | Found Zurruod's Distillery.
  1852 | D:3      | Reached XP level 5. HP: 18/40 MP: 4/4
  1869 | D:3      | Killed from afar by an orc priest

Illustrated notes

Levels and vault maps discovered:
D:1:      minmay_arrival_nine_rooms, layout_basic, serial_co_window_serial,
          co_window_paths_a, co_window_corner_a, co_window_of_opportunity_a,
          co_window_paths_b, co_window_paths_a, co_window_corner_a,
          co_window_corner_a, co_window_paths_a, co_window_paths_a,
          co_window_unsneaky_path_b, co_window_corner_b, co_window_paths_c,
          co_window_paths_d, co_window_paths_e, glass_columns_b, glass_columns_a
D:2:      layout_loops_ring, ebering_ecumenical_altar_box,
          kennysheep_nondescript
D:3:      layout_rooms, serial_shops, nicolae_shop_waterfront, uniq_jessica

Skill      XL: |  1  2  3  4 |
---------------+-------------+-----
Polearms       | 4 5 |  5.3
Dodging        | 4 |  4.3
Armour         | 1 |  1.9
Fighting       | 3 |  3.1
Throwing       | |  2.4
Stealth        | |  0.2

Action                   |  1- 3 |  4- 6 || total
-------------------------+-------+-------++-------
Melee: Trident           |    76 |    37 ||   113
       Headbutt          |     6 |     4 ||    10
Throw: Throwing net      |     2 |       ||     2
 Stab: Sleeping          |     1 |       ||     1
Armor: Leather armour    |     1 |       ||     1
       Ring mail         |     9 |    14 ||    23
Dodge: Dodged            |    35 |    21 ||    56

Table legend: (Time is in decaauts)
 A = Elapsed time spent in this place.
 B = Non-inter-level travel time spent in this place.
 C = Inter-level travel time spent in this place.
 D = Time resting spent in this place.
 E = Time spent auto-exploring this place.
 F = Levels seen in this place.
 G = Mean time per level.
                   A        B        C        D        E       F      G
               +--------+--------+--------+--------+--------+-----+--------+
         Total |   1875 |   1812 |     63 |    424 |    858 |   3 |  625.0 |
       Dungeon |   1875 |   1812 |     63 |    424 |    858 |   3 |  625.0 |
               +--------+--------+--------+--------+--------+-----+--------+

Top non-repeatable levels by time:
     D:2: 1384 daAuts
     D:1: 349 daAuts
     D:3: 141 daAuts
